Map: Odyssey LE

Players

SamuraiFunn

  • Race: Protoss Protoss
  • Spawn Location: 5:00

A.I. 1 (Elite) - Winner!

  • Race: Protoss Protoss
  • Spawn Location: 11:00

VOD

Have the link to the VOD?

Description

Time

  • Played on: Nov. 24, 2017, 10:26 p.m.
  • Length: 11:32
Show
View Real Time Build Order
Export as new Build Order

SamuraiFunn Protoss 

Build Orders: 1 Gate Expand 

Get SALT Encoding   

  12  0:00  Probe  
  13  0:13  Probe  
  14  0:19  Pylon  
  14  0:25  Probe  
  15  0:32  Assimilator  
  15  0:37  Probe (Chrono Boost)  
  16  0:45  Gateway  
  16  0:49  Probe (Chrono Boost)  
  17  0:56  Probe  
  18  1:08  Probe  
  19  1:24  Nexus  
  19  1:25  Probe  
  20  1:36  Cybernetics Core  
  20  1:44  Pylon  
  20  1:45  Probe  
  21  1:53  Assimilator  
  21  2:04  Probe  
  22  2:17  Warp Gate (Chrono Boost)  
  22  2:21  Adept  
  24  2:29  Gateway  
  24  2:32  Probe  
  25  2:45  Probe x2  
  27  3:01  Probe x2, Pylon  
  29  3:15  Twilight Council  
  29  3:16  Probe x2  
  31  3:21  Gateway  
  31  3:23  Gateway  
  31  3:28  Probe x2  
  33  3:42  Assimilator  
  33  3:43  Probe x2  
  35  3:55  Probe x2  
  37  3:58  Sentry x2  
  41  4:07  Blink  
  41  4:16  Probe x2  
  43  4:18  Stalker x2  
  47  4:25  Sentry  
  47  4:27  Stalker  
  47  4:28  Probe x2  
  53  4:37  Assimilator  
  53  4:40  Probe  
  54  4:47  Pylon  
  54  5:01  Nexus  
  54  5:05  Probe x2  
  56  5:09  Pylon  
  56  5:10  Pylon  
  56  5:17  Stalker x2  
  56  5:18  Probe  
  61  5:29  Pylon  
  61  5:30  Probe  
  61  5:31  Probe  
  61  5:32  Pylon, Stalker  
  61  5:33  Stalker  
  67  5:42  Probe, Stalker x2  
  72  5:43  Probe  
  73  5:59  Probe  
  73  6:00  Probe  
  73  6:03  Stalker x2  
  79  6:12  Probe x2  
  81  6:23  Pylon  
  81  6:26  Forge  
  81  6:27  Probe x3, Forge  
  81  6:32  Stalker x2  
  86  6:33  Stalker x2  
  92  6:47  Probe x2  
  92  6:48  Probe  
  95  6:59  Assimilator  
  95  7:01  Probe x3, Assimilator  
  98  7:11  Stalker x3  
  98  7:12  Stalker  
  106  7:17  Robotics Facility  
  106  7:19  Robotics Facility  
  106  7:21  Robotics Facility, Protoss Ground Weapons Level 1, Protoss Ground Armor Level 1  
  106  7:36  Probe x3  
  109  7:40  Stalker x3  
  115  8:15  Observer x2  
  117  8:22  Pylon x2  
  117  8:24  Pylon  
  117  8:40  Observer  
  118  8:43  Nexus, Stalker x4  
  118  8:46  Pylon  
  118  8:47  Pylon  
  118  8:48  Immortal x2  
  134  8:51  Assimilator  
  134  8:56  Assimilator  
  134  9:01  Immortal  
  138  9:10  Gateway x2  
  138  9:13  Gateway  
  138  9:15  Gateway, Protoss Shields Level 1  
  138  9:25  Templar Archives  
  146  9:31  Immortal x2  
  146  9:40  Immortal  
  146  10:10  Observer  
  146  10:11  Observer  
  106  10:39  Immortal x3  
  94  10:45  Stalker x3  
  94  10:46  Stalker  
  80  11:10  Stalker  
  73  11:12  Stalker  
  73  11:14  Stalker x3  
  73  11:15  Stalker x2  
  73  11:16  Stalker  
Show
View Real Time Build Order
Export as new Build Order

A.I. 1 (Elite) Protoss - Winner!

Build Orders: Zealot Archon 

Get SALT Encoding   

  12  0:00  Probe  
  13  0:13  Probe  
  14  0:19  Pylon  
  14  0:25  Probe  
  15  0:37  Probe  
  15  0:40  Gateway  
  16  0:47  Assimilator  
  16  0:49  Probe  
  17  1:01  Probe  
  17  1:02  Pylon  
  18  1:13  Probe  
  19  1:25  Probe  
  19  1:28  Zealot  
  19  1:30  Cybernetics Core  
  22  1:37  Probe  
  23  1:50  Probe  
  24  1:55  Gateway  
  24  1:57  Pylon  
  24  2:02  Probe  
  25  2:20  Nexus  
  25  2:27  Zealot  
  28  2:30  Probe  
  28  2:33  Warp Gate  
  28  2:42  Probe, Assimilator  
  29  2:49  Adept  
  31  2:54  Probe  
  31  2:55  Adept  
  34  3:05  Pylon  
  34  3:06  Probe  
  35  3:16  Adept  
  35  3:18  Probe  
  38  3:23  Stalker  
  39  3:30  Probe  
  39  3:31  Probe  
  41  3:42  Probe  
  41  3:43  Probe  
  43  3:51  Robotics Facility  
  43  3:54  Probe  
  44  3:56  Probe  
  44  3:59  Adept  
  47  4:06  Probe  
  47  4:07  Adept  
  47  4:08  Probe  
  51  4:18  Probe  
  51  4:19  Pylon  
  51  4:20  Probe  
  53  4:31  Probe  
  54  4:32  Probe  
  54  4:34  Stalker  
  54  4:37  Immortal  
  61  4:43  Probe  
  61  4:44  Probe, Pylon  
  63  4:47  Stalker  
  65  4:55  Probe  
  65  4:56  Probe  
  67  5:00  Robotics Facility  
  67  5:02  Stalker  
  69  5:07  Probe  
  69  5:11  Probe  
  71  5:17  Immortal  
  71  5:19  Probe  
  71  5:20  Pylon  
  76  5:24  Pylon  
  76  5:26  Twilight Council  
  76  5:28  Sentry  
  78  5:38  Assimilator  
  78  5:39  Probe  
  79  5:43  Assimilator  
  79  5:50  Gateway  
  79  5:55  Zealot  
  81  5:58  Pylon  
  81  6:00  Probe x2  
  83  6:06  Templar Archives  
  83  6:12  Probe  
  83  6:13  Probe  
  85  6:22  Forge  
  85  6:24  Probe  
  86  6:27  Forge  
  86  6:29  Nexus  
  86  6:34  Stalker  
  86  6:38  Stalker  
  86  6:39  Pylon  
  90  6:44  High Templar  
  92  6:55  Pylon  
  92  6:57  Sentry  
  94  7:01  Stalker  
  94  7:03  Gateway  
  94  7:07  Protoss Ground Weapons Level 1  
  96  7:10  Protoss Ground Armor Level 1  
  96  7:11  Observer  
  97  7:15  Photon Cannon  
  97  7:16  Stalker  
  97  7:18  Pylon  
  97  7:20  Zealot  
  101  7:24  High Templar  
  103  7:39  Photon Cannon, Stalker  
  103  7:40  Archon  
  103  7:41  High Templar, Probe x2  
  103  7:42  Photon Cannon, Probe  
  110  7:53  Probe  
  110  7:54  Probe x2  
  110  7:56  Stalker, Assimilator  
  110  7:57  Pylon  
  115  7:59  Assimilator  
  115  8:00  High Templar  
  115  8:04  Stalker  
  119  8:05  Probe  
  119  8:06  Probe x2  
  122  8:17  Photon Cannon, Probe  
  122  8:18  Probe  
  122  8:19  Probe  
  125  8:22  Psionic Storm, Pylon  
  125  8:24  Archon  
  125  8:30  Probe x2  
  125  8:32  Probe  
  125  8:34  High Templar  
  130  8:42  Probe  
  130  8:43  Probe, High Templar  
  130  8:44  Photon Cannon, Probe  
  130  8:46  Photon Cannon  
  130  8:47  Stalker  
  137  8:52  Sentry  
  139  8:57  Archon  
  139  8:58  Pylon  
  139  9:00  Warp Prism  
  141  9:06  High Templar  
  143  9:12  High Templar  
  143  9:14  Warp Prism  
  147  9:18  Gateway  
  147  9:25  Pylon, Archon, Nexus  
  147  9:28  Photon Cannon  
  147  9:30  High Templar  
  149  9:39  High Templar  
  151  9:45  Photon Cannon  
  151  9:47  Photon Cannon  
  151  9:55  Immortal, Zealot  
  157  10:00  Pylon  
  157  10:01  Immortal  
  157  10:02  Archon  
  157  10:03  Archon  
  161  10:10  Gateway  
  161  10:11  High Templar  
  161  10:15  Zealot  
  161  10:17  Zealot x2  
  161  10:18  Zealot  
  157  10:24  Pylon  
  139  10:32  Photon Cannon  
  139  10:35  Observer, Zealot  
  138  10:36  Archon  
  138  10:37  High Templar  
  138  10:38  Sentry, Zealot  
  138  10:41  Immortal  
  138  10:43  Stalker, Assimilator  
  138  10:46  Pylon  
  138  10:48  Assimilator  
  138  10:49  Nexus  
  134  10:56  High Templar, Observer  
  137  10:58  Adept  
  137  11:01  Stalker  
  141  11:05  Photon Cannon, Sentry  
  141  11:08  Photon Cannon, Stalker  
  141  11:11  Stalker  
  147  11:14  Pylon  
  147  11:18  Stalker  
  149  11:24  Sentry  
  151  11:27  Stalker  
  151  11:28  Adept  
  151  11:31  Sentry  
Tags
 
Composition
Zealot Archon
Matchup
PvP
Replay Pack
First 100 games
Spawn Locations
Cross Positions
Add a new tag
Caveats
  • Supply blocks, unpowered buildings, or Contaminate may cause inaccurate times.
  • Supply counts are checked every 10 seconds.